Map: Ulrena

Players

capac

  • Race: Terran Terran
  • League: Gold

ClouD - Winner!

  • Race: Zerg Zerg

VOD

Have the link to the VOD?

Description

Time

  • Played on: Feb. 25, 2016, 3:08 p.m.
  • Length: 25:42
Show
View Real Time Build Order
Export as new Build Order

capac Terran 

Build Orders: MMM Bio 

Get SALT Encoding   

  12  0:00  SCV  
  13  0:13  SCV  
  14  0:18  Supply Depot  
  14  0:25  SCV  
  15  0:39  SCV  
  15  0:42  Barracks  
  16  0:47  Refinery  
  16  0:51  SCV  
  17  1:05  SCV  
  18  1:19  SCV  
  19  1:32  Barracks Reactor  
  19  1:35  Command Center  
  20  1:45  Orbital Command  
  19  2:08  Marine x2  
  20  2:15  SCV  
  21  2:25  Supply Depot, Bunker  
  21  2:26  Marine x2  
  23  2:46  SCV  
  25  2:51  SCV  
  25  2:55  Marine x2  
  25  2:58  Factory, SCV  
  27  3:01  Barracks  
  28  3:20  Marine  
  28  3:21  Supply Depot, Marine  
  28  3:25  Refinery  
  30  3:27  Engineering Bay  
  30  3:38  Marine x2  
  32  3:42  Factory Tech Lab  
  32  3:47  Starport  
  32  3:49  SCV  
  21  4:15  Marine x2  
  21  4:16  Marine  
  24  4:38  Marine  
  24  4:39  Marine  
  26  4:51  Supply Depot  
  26  4:58  Marine x2  
  28  5:06  SCV  
  29  5:08  SCV  
  29  5:10  Medivac  
  32  5:27  SCV  
  33  5:28  SCV  
  33  5:29  Marine x2  
  36  5:42  Medivac  
  38  6:01  Siege Tank  
  41  6:06  Marine x2  
  41  6:10  Barracks Tech Lab  
  43  6:19  Supply Depot  
  43  6:22  SCV x2  
  45  6:32  Marine, Stimpack  
  45  6:33  Marine x2  
  45  6:39  SCV  
  49  6:51  Missile Turret  
  49  6:55  Marine x3  
  49  6:59  SCV  
  53  7:31  Marine x3  
  56  7:37  SCV x2  
  58  7:49  Marine  
  58  7:50  Marine x2  
  61  7:53  Orbital Command  
  61  8:03  Siege Tank  
  64  8:07  Marine x2  
  64  8:09  SCV  
  67  8:18  Supply Depot  
  67  8:19  Marine  
  68  8:21  SCV  
  69  8:36  SCV  
  69  8:40  Siege Tank, SCV  
  58  8:55  Marine x2  
  58  8:56  Marine  
  58  9:02  SCV  
  62  9:03  Bunker, SCV  
  63  9:12  Barracks  
  63  9:13  Marine x3  
  66  9:28  Supply Depot  
  66  9:29  SCV x2  
  68  9:32  Siege Tank  
  68  9:33  Starport Reactor  
  68  9:35  Marine x3  
  74  9:40  Terran Infantry Weapons Level 1  
  74  9:41  Barracks  
  74  9:51  Supply Depot  
  74  9:53  Marine x3  
  77  10:01  Barracks Reactor  
  77  10:09  SCV x2  
  77  10:11  Marine  
  77  10:13  Combat Shields  
  80  10:17  Supply Depot  
  80  10:23  Medivac x2  
  80  10:25  Siege Tank  
  80  10:28  SCV x2  
  89  10:32  Refinery  
  89  10:40  Refinery  
  89  10:43  SCV x2  
  91  10:51  Barracks Reactor  
  91  10:53  Marine x4  
  95  10:57  Medivac  
  97  11:11  Marine x3  
  97  11:12  Marine x2  
  102  11:29  Marine  
  102  11:31  Marine x2  
  102  11:52  Marine x4, Medivac x2  
  102  11:53  Marine x3  
  113  12:10  Marine x5  
  113  12:12  Supply Depot  
  118  12:17  Supply Depot  
  118  12:33  Marine, Siege Tank, Medivac x2  
  126  12:38  Marine x6  
  126  12:40  Supply Depot  
  126  12:42  Supply Depot, Terran Infantry Armor Level 1  
  132  12:49  Armory  
  132  12:51  Marine  
  118  13:19  Marine x6  
  124  13:27  Command Center  
  123  13:40  Marine x4  
  123  13:41  Marine x3  
  130  13:58  Marine x5  
  130  13:59  Marine x2  
  136  14:15  Siege Tank  
  136  14:16  Marine  
  140  14:49  Liberator x2  
  140  15:31  Liberator  
  140  15:32  Liberator  
  140  15:42  Marine x3  
  141  15:43  Marine  
  141  15:45  Siege Tank  
  153  15:56  Orbital Command  
  149  16:15  Liberator x2  
  149  16:18  Siege Tank  
  148  17:09  Marine x4  
  148  17:10  Marine x2  
  154  17:20  Liberator  
  154  17:35  Terran Infantry Weapons Level 2  
  154  17:37  Terran Ship Weapons Level 1  
  150  18:49  Liberator x2  
  150  19:04  Siege Tank  
  159  19:10  Refinery  
  159  19:11  SCV x3  
  159  19:13  Marine x3  
  165  19:30  Marine  
  165  19:31  Marine x2  
  165  19:37  Marine  
  165  19:58  Liberator  
  165  19:59  Liberator  
  165  20:15  SCV  
  165  20:16  Starport  
  144  20:34  Marine x2  
  144  20:35  Marine x5  
  148  20:37  Terran Infantry Weapons Level 3  
  149  20:49  SCV x3  
  152  20:50  Refinery  
  152  20:52  Marine  
  152  20:56  Liberator x2  
  153  21:15  Starport Reactor  
  153  21:17  Engineering Bay  
  153  21:18  Marine x5  
  160  21:19  Marine x2  
  109  21:53  Marine  
  109  21:54  Marine x3  
  94  22:00  Marine x3  
  100  22:05  Liberator x3  
  100  22:09  Liberator  
  100  22:11  Marine  
  100  22:12  Marine x3  
  104  22:18  Marine x3  
  116  22:29  Marine x3  
  120  22:30  Marine  
  120  22:36  Marine  
  124  22:37  Marine x2  
  126  22:47  Marine x3, SCV x3  
  100  23:12  Marine x2  
  91  23:13  Marine x4  
  91  23:29  Marine  
  91  23:30  Marine x3  
  95  23:48  Marine  
  95  23:49  Marine x4  
  95  23:50  Marine  
Show
View Real Time Build Order
Export as new Build Order

ClouD Zerg - Winner!

Build Orders: Pool First 

Get SALT Encoding   

  12  0:01  Drone  
  13  0:15  Overlord  
  13  0:20  Drone  
  14  0:35  Drone  
  14  0:36  Drone  
  16  0:43  Spawning Pool  
  16  0:46  Drone  
  16  0:51  Extractor  
  16  0:52  Drone  
  16  1:00  Drone  
  17  1:22  Hatchery  
  16  1:33  Queen  
  16  1:36  Zergling x2  
  19  1:56  Metabolic Boost  
  19  1:57  Overlord  
  19  1:59  Zergling x2  
  20  2:16  Zergling x4  
  22  2:26  Zergling x2  
  23  2:32  Queen  
  25  2:37  Zergling x4  
  25  2:38  Queen  
  29  2:52  Zergling x8  
  33  3:21  Baneling Nest  
  32  3:35  Zergling x8  
  32  3:38  Overlord  
  31  4:01  Drone  
  31  4:02  Drone x9  
  36  4:18  Roach Warren  
  30  4:25  Zergling x8  
  34  4:38  Lair  
  34  4:40  Zergling x4  
  34  4:41  Zergling x2  
  37  4:47  Drone  
  37  4:48  Drone x2  
  40  4:58  Overlord  
  40  5:04  Drone  
  40  5:05  Drone x3  
  40  5:06  Overlord  
  44  5:22  Baneling  
  44  5:23  Baneling x3  
  44  5:25  Spore Crawler  
  44  5:27  Drone  
  44  5:28  Drone x2, Spore Crawler  
  45  5:30  Drone x2  
  47  5:49  Drone x2  
  49  5:53  Extractor  
  49  5:56  Spore Crawler  
  47  6:00  Spore Crawler  
  46  6:05  Hatchery  
  46  6:08  Drone  
  46  6:09  Drone x6  
  52  6:29  Extractor  
  52  6:30  Extractor, Drone x3  
  53  6:41  Evolution Chamber  
  53  6:42  Evolution Chamber  
  51  6:49  Drone x5  
  51  6:52  Glial Reconstitution  
  51  6:53  Roach  
  60  6:54  Roach  
  60  6:55  Overlord  
  60  7:03  Overlord  
  60  7:18  Roach  
  60  7:19  Roach x5  
  72  7:33  Zerg Missile Weapons Level 1, Zerg Ground Armor Level 1  
  72  7:36  Drone x2  
  76  7:37  Roach x3  
  76  7:38  Roach  
  82  7:54  Overlord  
  82  8:05  Overlord  
  82  8:38  Zergling x8  
  82  8:39  Zergling x24  
  97  8:42  Overlord x2  
  97  8:45  Centrifical Hooks  
  86  9:04  Overlord x2  
  86  9:12  Hatchery, Roach x6  
  86  9:14  Overlord  
  97  9:18  Drone  
  97  9:22  Overlord  
  98  9:27  Zerg Melee Weapons Level 1  
  98  9:33  Baneling  
  98  9:34  Baneling x4  
  98  9:35  Roach x7  
  98  9:36  Roach x4  
  120  9:43  Queen  
  122  9:57  Roach x2  
  122  9:58  Roach x2  
  130  10:04  Overseer  
  130  10:10  Overlord x2  
  130  10:11  Overlord  
  130  10:15  Baneling x6  
  130  10:16  Baneling x6  
  130  10:17  Baneling  
  130  10:46  Zergling x2  
  130  10:47  Zergling x24  
  130  10:48  Zergling x2  
  144  10:52  Ravager  
  144  10:53  Ravager x3  
  144  10:54  Ravager  
  146  11:56  Spire  
  146  11:59  Pneumatized Carapace  
  145  12:22  Roach  
  149  12:23  Roach x6  
  149  12:26  Overlord  
  149  12:27  Overlord  
  159  12:33  Drone  
  159  12:34  Zerg Melee Weapons Level 2  
  159  12:35  Zerg Missile Weapons Level 2  
  160  12:47  Infestation Pit  
  159  12:52  Extractor  
  159  12:53  Drone x2  
  159  12:54  Drone x2  
  159  12:55  Extractor  
  154  13:11  Roach x11  
  154  13:12  Roach  
  174  13:18  Overlord x3  
  174  13:24  Extractor x2  
  171  13:39  Drone x3  
  171  14:10  Zergling x4  
  171  14:11  Zergling x38  
  190  14:19  Mutalisk  
  190  14:20  Mutalisk  
  190  14:24  Overlord x2  
  192  14:34  Overlord x2  
  192  14:35  Overlord  
  192  14:42  Ravager  
  192  14:43  Overlord x2  
  193  14:48  Mutalisk  
  193  14:49  Mutalisk x2  
  199  15:11  Mutalisk  
  199  15:12  Mutalisk x6  
  199  15:13  Mutalisk  
  191  15:27  Mutalisk x4  
  199  15:46  Zerg Ground Armor Level 2  
  199  15:49  Hive  
  193  16:45  Corruptor  
  193  16:46  Corruptor x8  
  176  17:03  Zergling x18  
  176  17:04  Zergling x18  
  192  17:10  Ravager x4  
  192  17:11  Ravager x4  
  200  17:29  Zerg Melee Weapons Level 3  
  200  17:32  Adrenal Glands  
  200  17:50  Hatchery  
  199  17:59  Overlord  
  199  18:00  Overlord  
  199  18:58  Ultralisk Cavern  
  195  19:35  Zergling x2  
  195  19:36  Zergling x8  
  200  19:51  Chitinous Plating  
  200  19:55  Zerg Ground Armor Level 3  
  163  20:26  Zergling x2  
  163  20:27  Zergling x32  
  163  20:28  Zergling x14  
  174  20:31  Zergling x22  
  174  20:32  Zergling x24  
  197  20:48  Overlord  
  197  20:56  Spine Crawler  
  196  20:59  Spine Crawler  
  196  21:00  Spine Crawler, Ultralisk  
  203  21:08  Baneling  
  203  21:09  Baneling x18  
  203  21:10  Baneling x4  
  146  21:50  Ultralisk  
  146  21:51  Ultralisk x7  
  177  22:15  Drone x3  
  180  22:17  Zergling x2  
  180  22:18  Zergling x24  
  193  22:35  Corruptor x2  
  193  22:36  Corruptor  
  181  23:10  Corruptor  
  181  23:11  Corruptor x7  
  192  23:23  Corruptor  
  192  23:24  Corruptor x2  
  198  24:00  Hatchery  
  180  24:36  Corruptor x10  
  193  24:49  Spawning Pool  
  192  24:53  Mutalisk x3  
Tags
 
Composition
MMM Bio
League
Gold
Matchup
TvZ
Opening
Pool First
Add a new tag
Caveats
  • Supply blocks, unpowered buildings, or Contaminate may cause inaccurate times.
  • Supply counts are checked every 10 seconds.